 Dungeon Crawl Stone Soup version 0.24.0-123-gd5b16e6ec5 (webtiles) character file.

Game seed: 14945756874944317661, levelgen mode: deterministic

17376 Mrkan the Basher (level 12, -2/77 HPs)
             Began as a Gargoyle Fighter on Jan 6, 2020.
             Was a High Priest of Makhleb.
             Slain by a wolf (6 damage)
             ... on level 3 of the Lair of Beasts on Jan 7, 2020.
             The game lasted 00:22:31 (12417 turns).

Mrkan the Basher (Gargoyle Fighter)                Turns: 12417, Time: 00:22:32

Health: -2/77      AC: 28    Str: 20    XL:     12   Next: 47%
Magic:  17/17      EV:  5    Int: 15    God:    Makhleb [*****.]
Gold:   693        SH: 12    Dex: 13    Spells: 11/11 levels left

rFire    . . .     SeeInvis .   d - +1 whip (flame)
rCold    . . .     Gourm    .   c - +0 shield
rNeg     + . .     Faith    +   v - +0 plate armour
rPois    ∞         Spirit   .   u - +2 helmet
rElec    +         Reflect  .   l - +0 cloak
rCorr    .         Harm     .   (no gloves)
MR       .....                  (no boots)
Stlth    ..........             p - amulet of faith
HPRegen  0.22/turn              (no ring)
MPRegen  0.15/turn              (no ring)

@: brilliant
A: negative energy resistance 1, electricity resistance, unbreathing,
petrification resistance, rot immunity, AC +8
a: Minor Destruction, Lesser Servant of Makhleb, Major Destruction, Greater
Servant of Makhleb, Renounce Religion


You were on level 3 of the Lair of Beasts.
You worshipped Makhleb.
Makhleb was extremely pleased with you.
You were very hungry.

You visited 2 branches of the dungeon, and saw 13 of its levels.

You collected 1015 gold pieces.
You spent 322 gold pieces at shops.

Inventory:

Hand Weapons
 d - a +1 whip of flaming (weapon)
Armour
 c - a +0 shield (worn)
 l - a +0 cloak (worn)
 u - a +2 helmet (worn)
 v - a +0 plate armour (worn)
Jewellery
 p - an amulet of faith (around neck)
 y - a cursed ring of attention {unknown}
 E - an uncursed ring of ice {unknown}
 K - a +2 ring of intelligence {unknown}
Wands
 o - a wand of flame (83)
 r - a wand of paralysis (9)
 A - a wand of acid (30)
 B - a wand of disintegration (14)
 J - a wand of scattershot (6)
 L - a wand of polymorph (11)
 M - a wand of enslavement (11)
Scrolls
 e - a scroll of magic mapping
 f - 4 scrolls of remove curse
 g - 3 scrolls of enchant weapon
 h - 10 scrolls of identify
 i - a scroll of torment {unknown}
 m - 6 scrolls of teleportation
 w - 2 scrolls of blinking
 G - a scroll of fog
 H - 3 scrolls of enchant armour
Potions
 a - a potion of magic {unknown}
 b - 3 potions of curing {unknown}
 j - 2 potions of lignification {unknown}
 k - 3 potions of haste
 n - a potion of degeneration {unknown}
 q - a potion of agility {unknown}
 t - 3 potions of flight {unknown}
 x - 2 potions of mutation {unknown}
 z - a potion of ambrosia {unknown}
 C - a potion of invisibility {unknown}
 D - 2 potions of brilliance
 F - a potion of cancellation {unknown}
 I - a potion of berserk rage {unknown}
Comestibles
 s - 8 rations


   Skills:
 + Level 9.9 Fighting
 * Level 12.1 Maces & Flails
 + Level 9.9 Armour
 + Level 9.9 Shields
 + Level 7.4 Invocations


You had 11 spell levels left.
You didn't know any spells.
Your spell library contained the following spells:

 Spells                   Type           Power        Failure   Level  Hunger
 Flame Tongue             Conj/Fire      #....        58%         1    ##.....
 Magic Dart               Conj           #...         58%         1    ##.....
 Searing Ray              Conj           #.....       71%         2    ###....
 Dazzling Spray           Conj/Hex       #.....       88%         3    ####...
 Cause Fear               Hex            #.........   99%         4    #####..
 Force Lance              Conj/Tloc      #.......     99%         4    #####..
 Fulminant Prism          Conj/Hex       #.........   99%         4    #####..
 Iskenderun's Mystic Bla  Conj           #.......     99%         4    #####..
 Bolt of Magma            Conj/Fire/Erth #.........   100%        5    ######.
 Iskenderun's Battlesphe  Conj/Chrm      #.......     100%        5    ######.
 Venom Bolt               Conj/Pois      #.........   100%        5    ######.
 Bolt of Fire             Conj/Fire      #.........   100%        6    #######
 Iron Shot                Conj/Erth      #.........   100%        6    #######
 Dragon Form              Tmut           #.........   100%        7    #######
 Orb of Destruction       Conj           #.........   100%        7    #######
 Spellforged Servitor     Conj/Summ      #.........   100%        7    #######
 Dragon's Call            Summ           #.........   100%        9    #######


Dungeon Overview and Level Annotations

Branches:
Dungeon (10/15)            Temple (0/1) D:4            Lair (3/6) D:10
  Swamp: Lair:2-4    Shoals: Lair:2-4     Snake: Lair:2-4    Spider: Lair:2-4
    Orc: D:9-12

Altars:
Ashenzari
Cheibriados
Elyvilon
Fedhas
Gozag
Hepliaklqana
Makhleb
Okawaru
Sif Muna
Trog
Xom
Zin
The Shining One

Shops:
D:7 [

Annotations:
Lair:2 exclusion: oklob plant


Innate Abilities, Weirdness & Mutations

You are resistant to torment.
Your stone body is resilient. (AC +8)
You are immune to poison.
You resist negative energy. (rN+)
You are resistant to electric shocks. (rElec)
You can survive without breathing.
You are immune to petrification.
You are immune to rotting.


Message History

You block the wolf's attack.
You hit the yak. You burn the yak.
The yak is almost dead.
The wolf bites you but does no damage. The yak gores you but does no damage.
You hit the yak but do no damage.
The yak is almost dead.
A spiny frog comes into view.
The yak gores you!
* * * LOW HITPOINT WARNING * * *
You closely miss the wolf.
The wolf is heavily wounded.
You block the wolf's attack. The yak gores you but does no damage.
You hit the wolf but do no damage.
The wolf is heavily wounded.
The wolf bites you but does no damage. The yak gores you.
* * * LOW HITPOINT WARNING * * *
It was a potion of brilliance.
You feel clever all of a sudden. The wolf bites you.
You die...

####
###P.####
##.......#
##.....<..##
#P....†...P#
##.........#
##Y......##
#@h....?.#
##Y......#
........#
#........#
##.......#
..........
#F......##
......###


You could see 2 yaks, a spiny frog and a wolf.

Vanquished Creatures
  Pikel (D:4)
  4 black mambas
  A centaur skeleton (D:9)
  A gargoyle (D:10)
  5 spiny frogs (Lair:1)
  A komodo dragon (Lair:1)
  Prince Ribbit (D:5)
  2 trolls (D:9)
  6 polar bears
  3 blink frogs (Lair:2)
  9 hippogriffs
  A wraith (D:10)
  13 yaks
  A spriggan (D:8)
  2 wyverns
  2 hungry ghosts
  Eustachio (D:5)
  4 vampire mosquitoes (D:10)
  Menkaure (D:5)
  2 water moccasins (Lair:1)
  8 porcupines
  A necrophage (D:10)
  2 orc warriors
  3 phantoms
  An ice beast (D:9)
  A sky beast (D:9)
  3 wolves (Lair:3)
  4 ogres
  4 centaurs
  2 big kobolds (D:10)
  4 crocodiles
  11 bullfrogs
  2 scorpions
  A wyvern zombie (D:9)
  20 killer bees
  A howler monkey (D:8)
  A centaur zombie (D:7)
  4 jellies
  3 hounds
  2 bullfrog zombies
  11 orc priests
  A bullfrog skeleton (D:9)
  An iguana (D:6)
  3 orc wizards
  5 worker ants
  2 worker ant zombies
  Robin (D:4)
  3 gnolls (D:3)
  A howler monkey skeleton (D:10)
  11 adders
  2 shadow imps
  3 worms
  An adder skeleton (D:7)
  2 dart slugs (D:1)
  6 leopard geckos
  28 orcs
  10 bats
  A giant cockroach (D:1)
  13 goblins
  9 hobgoblins
  3 jackals (D:4)
  3 quokkas (D:2)
  3 ball pythons
  3 frilled lizards (D:3)
  14 kobolds
  A quokka zombie (D:6)
  4 rats
  A fungus (D:10)
285 creatures vanquished.

Vanquished Creatures (others)
  5 dream sheep (D:8)
  A slave (D:4)
  A crimson imp (D:4)
  Ijyb (D:4)
  An adder skeleton (D:4)
  A worm (D:4)
  A leopard gecko (D:4)
  A ball python (D:4)
  2 goblin skeletons (D:4)
  A goblin zombie (D:4)
  A kobold skeleton (D:4)
  2 kobold zombies (D:4)
  A bush (Lair:2)
  47 fungi
  14 plants
  4 toadstools (D:8)
84 creatures vanquished.

Grand Total: 369 creatures vanquished

Notes
Turn   | Place    | Note
-------+----------+-------------------------------------------
     0 | D:1      | Mrkan the Gargoyle Fighter began the quest for the Orb.
     0 | D:1      | Reached XP level 1. HP: 14/14 MP: 1/1
   101 | D:1      | Reached XP level 2. HP: 16/19 MP: 2/2
   486 | D:1      | Reached XP level 3. HP: 23/23 MP: 3/3
   835 | D:2      | Reached skill level 3 in Maces & Flails
   835 | D:2      | Reached XP level 4. HP: 22/29 MP: 4/4
  1006 | D:2      | Noticed a hungry ghost
  1041 | D:2      | Killed a hungry ghost
  1041 | D:2      | Reached XP level 5. HP: 26/33 MP: 5/5
  1056 | D:2      | Found a bloodstained altar of Trog.
  1275 | D:2      | Found a burning altar of Makhleb.
  1293 | D:2      | Reached skill level 4 in Maces & Flails
  1293 | D:2      | Reached XP level 6. HP: 30/39 MP: 6/6
  1304 | D:2      | Became a worshipper of Makhleb the Destroyer
  1917 | D:3      | Reached * piety under Makhleb
  2090 | D:3      | Found a blossoming altar of Fedhas.
  2168 | D:4      | Noticed Robin
  2183 | D:4      | Killed Robin
  2227 | D:4      | Noticed a slave
  2228 | D:4      | Noticed Pikel
  2228 | D:4      | Noticed a slave
  2228 | D:4      | Noticed a slave
  2229 | D:4      | Noticed a slave
  2258 | D:4      | Killed Pikel
  2258 | D:4      | Reached skill level 5 in Fighting
  2258 | D:4      | Reached skill level 5 in Maces & Flails
  2258 | D:4      | Reached skill level 5 in Armour
  2258 | D:4      | Reached skill level 5 in Shields
  2258 | D:4      | Reached XP level 7. HP: 16/44 MP: 7/7
  2385 | D:4      | Killed Ijyb
  2665 | D:4      | Found a staircase to the Ecumenical Temple.
  2756 | D:4      | Found a glowing golden altar of the Shining One.
  2810 | D:4      | Reached XP level 8. HP: 49/49 MP: 8/8
  2980 | D:4      | Reached skill level 6 in Maces & Flails
  3172 | D:4      | Found an iron altar of Okawaru.
  3238 | D:5      | Entered Level 5 of the Dungeon
  3339 | D:5      | Found a shattered altar of Ashenzari.
  3339 | D:5      | Noticed Prince Ribbit
  3405 | D:5      | Noticed Eustachio
  3443 | D:5      | Killed Eustachio
  3591 | D:5      | Noticed Menkaure
  3600 | D:5      | Killed Menkaure
  4224 | D:5      | Killed Prince Ribbit
  4224 | D:5      | Reached skill level 7 in Maces & Flails
  4426 | D:5      | Found an opulent altar of Gozag.
  4769 | D:6      | Reached XP level 9. HP: 37/56 MP: 9/9
  4770 | D:6      | Reached ** piety under Makhleb
  4896 | D:6      | Found a snail-covered altar of Cheibriados.
  5067 | D:6      | Found a glowing silver altar of Zin.
  5419 | D:7      | Found a hazy altar of Hepliaklqana.
  5581 | D:7      | Reached skill level 1 in Invocations
  6012 | D:7      | Reached skill level 8 in Maces & Flails
  6080 | D:7      | Reached *** piety under Makhleb
  6144 | D:7      | Found Xic Suad's Armour Shop.
  6152 | D:7      | Bought a +0 plate armour for 322 gold pieces
  6921 | D:8      | Reached XP level 10. HP: 52/63 MP: 12/12
  6988 | D:8      | Found a shimmering altar of Xom.
  7688 | D:9      | You fall into a shaft and drop 1 floor!
  7688 | D:10     | Entered Level 10 of the Dungeon
  7704 | D:10     | Reached skill level 9 in Maces & Flails
  7821 | D:10     | Noticed a gargoyle
  7856 | D:10     | Killed a gargoyle
  7929 | D:9      | Found a shimmering blue altar of Sif Muna.
  8012 | D:9      | Found a white marble altar of Elyvilon.
  8079 | D:9      | Reached **** piety under Makhleb
  8247 | D:9      | Found a white marble altar of Elyvilon.
  8503 | D:9      | Reached skill level 10 in Maces & Flails
  8814 | D:10     | Reached skill level 5 in Invocations
  8882 | D:10     | Reached XP level 11. HP: 68/68 MP: 14/14
  8948 | D:10     | Reached ***** piety under Makhleb
  9132 | D:10     | Found a staircase to the Lair.
  9473 | D:10     | Found a bloodstained altar of Trog.
  9720 | Lair:1   | Entered Level 1 of the Lair of Beasts
 10413 | Lair:1   | Reached skill level 11 in Maces & Flails
 11152 | Lair:2   | Reached XP level 12. HP: 70/76 MP: 15/17
 12302 | Lair:3   | Reached skill level 12 in Maces & Flails
 12417 | Lair:3   | Slain by a wolf

Levels and vault maps discovered:
D:1:      sevenhm_arrival_forest_fort_small_5, layout_basic,
          minmay_misc_feat_pillars, minivault_14
D:2:      layout_basic, makhleb_blood_cavern_becter,
          lemuel_coloured_pillars_altar
D:3:      layout_basic, lemuel_round_altar
D:4:      layout_basic, nicolae_tso_besieged_by_evil, kennysheep_mini,
          minmay_temple_entry_mini_moons, uniq_ijyb, uniq_robin, uniq_pikel
D:5:      layout_basic, nicolae_overflow_crystal_walls,
          overflow_temple_1_default, first_ration, kennysheep_generic_room_12,
          uniq_eustachio, uniq_menkaure, uniq_prince_ribbit1
D:6:      layout_basic, old_standard_altar, cheibrodos_worm_habitat
D:7:      layout_basic, overflow_temple_1_default, serial_shops,
          kennysheep_little_box
D:8:      layout_loops_ring, kb_xom_exploding_sheep, grunt_pizzeria,
          minmay_gold_behind_fungi
D:9:      layout_roguey, lemuel_round_altar, elyvilon_altar_5, basic_altar,
          minmay_radiant
D:10:     layout_loops_ring, due_lair_maze_entry_diamond, trog_ov_bears_minmay
Lair:1:   layout_roguey, cheibrodos_lair_lostbears, grunt_megastairs_4
Lair:2:   layout_cave_pods, st_stairs_5, minmay_lair_oklob_chamber,
          infiniplex_staircase_pool_2, serial_bayou_shore_b,
          serial_bayou_shore_b
Lair:3:   lemuel_reptile_caves, layout_big_grid, beast_lair_carwin_1,
          uniq_snorg, uniq_nergalle

Skill      XL: |  1  2  3  4  5  6  7  8  9 10 11 12 |
---------------+-------------------------------------+-----
Maces & Flails | 3 4 5 7 8 10 11 12 | 12.1
Fighting       | 4 5 6 7 8 9 |  9.9
Armour         | 4 5 6 7 8 9 |  9.9
Shields        | 4 5 6 7 8 9 |  9.9
Invocations    | 3 5 6 7 |  7.4

Action                   |  1- 3 |  4- 6 |  7- 9 | 10-12 || total
-------------------------+-------+-------+-------+-------++-------
Melee: Flail             |   110 |   194 |     1 |       ||   305
       Whip              |       |       |   606 |  1462 ||  2068
  Use: Potion            |       |     1 |     2 |     4 ||     7
       Scroll            |       |       |    12 |     1 ||    13
 Stab: Fleeing           |       |       |       |     1 ||     1
  Eat: Chunk             |       |     9 |    12 |    18 ||    39
       Ration            |       |     2 |     1 |     1 ||     4
Armor: Scale mail        |    75 |       |       |       ||    75
       Chain mail        |     7 |   159 |   230 |       ||   396
       Plate armour      |       |       |    70 |   761 ||   831
Dodge: Dodged            |    38 |    60 |    92 |   193 ||   383
Block: Shield            |    74 |   128 |   269 |   702 ||  1173
